 Dungeon Crawl Stone Soup version 0.28.0-49-g6dfe1f597d (webtiles) character file.

Game seed: 13515217903512120515

10402 nickcage the Basher (level 11, -6/89 HPs)
             Began as a Minotaur Gladiator on May 17, 2022.
             Was a High Priest of Hepliaklqana.
             Mangled by a titanic slime creature (88 damage)
             ... on level 10 of the Dungeon.
             The game lasted 00:28:25 (11232 turns).

nickcage the Basher (Minotaur Gladiator)           Turns: 11232, Time: 00:28:26

Health: -6/89      AC: 24    Str: 22    XL:     11   Next: 35%
Magic:  10/10      EV:  7    Int: 10    God:    Hepliaklqana [*****.]
Gold:   539        SH: 13    Dex: 19    Spells: 10/10 levels left

rFire   + . .      SeeInvis .   D - +3 flail (holy)
rCold   . . .      Faith    .   K - +2 kite shield {AC+3}
rNeg    . . .      Spirit   .   c - +0 plate armour
rPois   .          Reflect  .   t - +2 hat
rElec   +          Harm     .   (no cloak)
rCorr   +          Rampage  .   k - +2 pair of gloves
Will    .....                   v - +0 pair of boots
Stlth   ..........              o - amulet of regeneration
HPRegen 1.04/turn               x - +6 ring of dexterity
MPRegen 0.12/turn               m - ring "Wiupnaru" {rElec rF+ rCorr Int+5}

@: no status effects
A: reduced essence, horns 2, retaliatory headbutt
a: Renounce Religion, Recall Ancestor, Ancestor Identity, Transference, Idealise


You were on level 10 of the Dungeon.
You worshipped Hepliaklqana.
Hepliaklqana was extremely pleased with you.
You visited 1 branch of the dungeon, and saw 10 of its levels.

You collected 539 gold pieces.

Inventory:

Hand Weapons
 q - a +7 rapier of holy wrath
 D - a +3 flail of holy wrath (weapon)
Missiles
 y - 21 poisoned darts (quivered)
Armour
 c - a +0 plate armour (worn)
 f - a +0 ring mail
 h - a +0 chain mail
 k - a +2 pair of gloves (worn)
 p - a +1 ring mail of fire resistance
 r - a +0 buckler
 t - a +2 hat (worn)
 v - a +0 pair of boots (worn)
 K - a +2 kite shield of protection (worn)
Jewellery
 a - an amulet of the acrobat
 m - the ring "Wiupnaru" (right hand) {rElec rF+ rCorr Int+5}
   (You acquired it on level 6 of the Dungeon)

   [ring of resist corrosion]

   Int:       It affects your intelligence (+5).
   rF:        It protects you from fire.
   rElec:     It insulates you from electricity.
   rCorr:     It protects you from acid and corrosion.
 o - an amulet of regeneration (around neck)
 x - a +6 ring of dexterity (left hand)
 J - a ring of poison resistance
Wands
 E - a wand of iceblast (7)
 F - a wand of mindburst (14)
 H - a wand of paralysis (7)
Scrolls
 b - a scroll of brand weapon
 d - a scroll of blinking
 n - 6 scrolls of teleportation
 C - a scroll of identify
 I - 2 scrolls of fog
 N - a scroll of enchant weapon
Potions
 e - 5 potions of curing
 g - 2 potions of resistance
 i - a potion of lignification {unknown}
 j - 2 potions of magic
 l - a potion of degeneration {unknown}
 s - a potion of might
 u - a potion of haste {unknown}
 w - 2 potions of flight
 z - 6 potions of berserk rage
 A - 4 potions of brilliance
 B - a potion of invisibility {unknown}
 G - a potion of attraction {unknown}
 L - 2 potions of mutation {unknown}


   Skills:
 + Level 9.8 Fighting
 - Level 14.7 Maces & Flails
 - Level 2.0 Throwing
 + Level 9.9 Armour
 - Level 3.2 Dodging
 - Level 8.0 Shields


You had 10 spell levels left.
You didn't know any spells.
Your spell library contained the following spells:

 Spells                   Type           Power      Damage    Failure   Level
 Apportation              Tloc           0%         N/A       100%        1
 Corpse Rot               Necr/Air       0%         N/A       100%        2
 Poisonous Vapours        Pois/Air       0%         N/A       100%        2
 Ozocubu's Armour         Ice            0%         N/A       100%        3
 Airstrike                Air            0%         N/A       100%        4
 Summon Lightning Spire   Summ/Air       0%         N/A       100%        4
 Alistair's Intoxication  Tmut/Pois      0%         N/A       100%        5
 Lightning Bolt           Conj/Air       0%         1d11      100%        5
 Metabolic Englaciation   Hex/Ice        0%         N/A       100%        5
 Simulacrum               Ice/Necr       0%         N/A       100%        6
 Malign Gateway           Summ/Tloc      0%         N/A       100%        7
 Ozocubu's Refrigeration  Ice            0%         4d5       100%        7
 Summon Horrible Things   Summ           0%         N/A       100%        8


Dungeon Overview and Level Annotations

Branches:
Dungeon (10/15)            Temple (0/1) D:5            Lair (0/6) D:8
    Orc: D:9-12

Altars:
Dithmenos
Hepliaklqana
Makhleb
Okawaru
Vehumet
Wu Jian
Xom
The Shining One


Innate Abilities, Weirdness & Mutations

Your life essence is reduced to manifest your ancestor. (-10% HP)
You have a pair of horns on your head.
You reflexively headbutt those who attack you in melee.


Message History

The stone arrow misses the large slime creature.
You hit the large slime creature but do no damage.
You headbutt the large slime creature.
The large slime creature is heavily wounded.
You block the large slime creature's attack.
You sock the large slime creature! You headbutt the large slime creature.
The large slime creature is severely wounded.
You sock the large slime creature!
The large slime creature is almost dead.
You block the large slime creature's attack.
Two slime creatures merge to form a very large slime creature.
You hit the very large slime creature.
The very large slime creature is heavily wounded.
Earl points at the very large slime creature and mumbles some strange words.
The stone arrow hits the very large slime creature!!
Two slime creatures merge to form an enormous slime creature.
You swap places.
Earl hits the enormous slime creature with a +0 quarterstaff!!
Things that are here:
a +0 whip; a curare-tipped dart; a kobold corpse Earl hits the enormous slime creature with a +0 quarterstaff!!
Two slime creatures merge to form a titanic slime creature.
Earl hits the titanic slime creature with a +0 quarterstaff!
Earl hits the titanic slime creature with a +0 quarterstaff!
The titanic slime creature closely misses Earl.
Earl hits the titanic slime creature with a +0 quarterstaff!!
The titanic slime creature hits Earl!
Earl hits the titanic slime creature with a +0 quarterstaff!
Something hits Earl!!!!
Earl is destroyed!
The titanic slime creature hits you but does no damage.
You hit the titanic slime creature.
You headbutt the titanic slime creature.
The titanic slime creature is severely wounded.
The titanic slime creature hits you!
You hit the titanic slime creature.
The titanic slime creature is severely wounded.
The titanic slime creature hits you!!!!
Ouch! That really hurt!
You die...

..# *,* #.#######.#####
### *,* #.........# *,*
####.####.# *,* #.# #.#
*,* #.# #.# *****,* #.#
#.#*** *,,,,,* #.# #..,,*
*,***** #.# #.#*,* *,* #@#
#.#*,* *,* #J# *,**,* *,*
#)# *,**,* #.# #)# *,**,*
[.# #)#***,**,* ###****
#)#*,,,**,*
...,,<##########.#*,****,*
###**,......JR...#*,* *,*
,,,,,,.....#######*,* *,*


You could see a titanic slime creature.

Vanquished Creatures
  2 two-headed ogres
  An ugly thing (D:8)
  A cyclops (D:9)
  Joseph (D:9)
  A kobold demonologist (D:10)
  A troll (D:9)
  5 slime creatures
  Prince Ribbit (D:7)
  A shadow (D:9)
  Grum (D:9)
  Menkaure (D:5)
  A water moccasin (D:8)
  3 orc warriors
  An ice beast (D:8)
  A sky beast (D:7)
  2 ogres (D:5)
  2 centaurs
  2 necrophages
  5 kobold brigands
  2 bullfrogs
  A wyvern zombie (D:6)
  9 killer bees
  9 wights
  6 howler monkeys
  2 centaur zombies
  A jelly (D:6)
  2 orc priests
  A bullfrog skeleton (D:7)
  4 iguanas
  2 orc wizards
  2 killer bee zombies
  A hound skeleton (D:4)
  A howler monkey zombie (D:8)
  6 adders
  3 white imps
  A worm (D:2)
  3 dart slugs
  23 orcs
  13 ball pythons
  8 endoplasms
  2 giant cockroaches
  6 goblins
  19 hobgoblins
  A quokka (D:5)
  8 bats
  2 frilled lizards
  11 kobolds
  6 rats
188 creatures vanquished.

Vanquished Creatures (collateral kills)
  A two-headed ogre (D:8)
  A troll (D:9)
  A slime creature (D:8)
  A wyvern (D:10)
  Eustachio (D:5)
  A steam dragon (D:9)
  A water moccasin (D:6)
  A black bear (D:5)
  2 wolves (D:9)
  A centaur (D:9)
  3 bullfrogs
  2 scorpions
  8 killer bees
  2 howler monkeys
  A wight (D:8)
  3 orc priests
  2 hounds
  A jelly (D:5)
  A bullfrog skeleton (D:7)
  An iguana (D:5)
  3 orc wizards
  An adder (D:5)
  An adder skeleton (D:4)
  A dart slug (D:4)
  13 orcs
  An endoplasm (D:4)
  A goblin (D:4)
  A bat (D:3)
57 creatures vanquished.

Vanquished Creatures (others)
  7 battlemagi
  2 fungi (D:8)
9 creatures vanquished.

Grand Total: 254 creatures vanquished

Notes
Turn   | Place    | Note
-------+----------+-------------------------------------------
     0 | D:1      | nickcage the Minotaur Gladiator began the quest for the
                  | Orb.
     0 | D:1      | Reached XP level 1. HP: 18/18 MP: 0/0
    16 | D:1      | Reached skill level 4 in Maces & Flails
   108 | D:1      | Reached XP level 2. HP: 25/25 MP: 1/1
   351 | D:1      | Reached skill level 5 in Maces & Flails
   678 | D:1      | Reached XP level 3. HP: 29/30 MP: 2/2
  1129 | D:2      | Reached skill level 6 in Maces & Flails
  1129 | D:2      | Reached XP level 4. HP: 27/37 MP: 3/3
  1490 | D:2      | Found a faded altar of an unknown god.
  1510 | D:2      | Prayed at the altar of an unknown god.
  1510 | D:2      | Became a worshipper of Hepliaklqana the Forgotten
  1510 | D:2      | Reached * piety under Hepliaklqana
  1934 | D:3      | Identified the +3 dagger "Ochaonau" {protect, Will+ Int-4
                  | Dex+4}
  2349 | D:3      | Reached XP level 5. HP: 35/37 MP: 4/4
  2351 | D:3      | Reached skill level 7 in Maces & Flails
  2700 | D:4      | Reached ** piety under Hepliaklqana
  2701 | D:4      | Remembered your ancestor Earl as a battlemage
  2957 | D:4      | Reached skill level 1 in Armour
  3046 | D:4      | Identified the +3 leather armour of the Abyss {Harm +Blink
                  | rF++ Dex-3}
  3057 | D:4      | Reached skill level 1 in Shields
  3407 | D:5      | Entered Level 5 of the Dungeon
  3407 | D:5      | Noticed a black bear
  3407 | D:5      | Found a shimmering altar of Xom.
  3453 | D:4      | Reached XP level 6. HP: 28/45 MP: 5/5
  3572 | D:5      | Reached skill level 8 in Maces & Flails
  3580 | D:5      | Reached XP level 7. HP: 49/51 MP: 6/6
  3663 | D:5      | Found a glowing golden altar of the Shining One.
  3667 | D:5      | Reached skill level 9 in Maces & Flails
  3769 | D:5      | Found a staircase to the Ecumenical Temple.
  3856 | D:5      | Noticed Eustachio
  3863 | D:5      | Killed Eustachio
  4302 | D:5      | Noticed Menkaure
  4307 | D:5      | Reached skill level 10 in Maces & Flails
  4308 | D:5      | Killed Menkaure
  4309 | D:5      | Reached XP level 8. HP: 44/56 MP: 7/7
  4949 | D:6      | Reached skill level 11 in Maces & Flails
  4950 | D:6      | Identified a scroll of acquirement
  4950 | D:6      | Acquired the ring "Wiupnaru" {rElec rF+ rCorr Int+5}
  5033 | D:6      | Found a burning altar of Makhleb.
  5034 | D:6      | Found a shadowy altar of Dithmenos.
  5093 | D:6      | Reached *** piety under Hepliaklqana
  5116 | D:6      | Reached skill level 5 in Shields
  5279 | D:6      | Reached skill level 12 in Maces & Flails
  5368 | D:6      | Found an ornate altar of the Wu Jian Council.
  6034 | D:7      | Noticed Prince Ribbit
  6052 | D:7      | Reached XP level 9. HP: 43/62 MP: 8/8
  6058 | D:7      | Killed Prince Ribbit
  6059 | D:7      | Reached skill level 13 in Maces & Flails
  6699 | D:7      | Reached **** piety under Hepliaklqana
  6943 | D:8      | Noticed a two-headed ogre
  6948 | D:8      | Killed a two-headed ogre
  6949 | D:8      | Reached skill level 14 in Maces & Flails
  7463 | D:8      | Reached XP level 10. HP: 26/70 MP: 9/9
  7836 | D:7      | Reached skill level 5 in Armour
  8090 | D:8      | Reached skill level 5 in Fighting
  8123 | D:8      | Found a staircase to the Lair.
  8176 | D:8      | Noticed a green ugly thing
  8203 | D:8      | Killed a green ugly thing
  9337 | D:9      | Found a radiant altar of Vehumet.
  9435 | D:9      | Found an iron altar of Okawaru.
  9549 | D:9      | Noticed Grum
  9559 | D:9      | Killed Grum
  9783 | D:9      | Reached ***** piety under Hepliaklqana
  9971 | D:9      | Reached XP level 11. HP: 83/84 MP: 10/10
 10186 | D:9      | Noticed Joseph
 10194 | D:9      | Killed Joseph
 10584 | D:9      | Noticed a two-headed ogre
 10599 | D:9      | Killed a two-headed ogre
 10701 | D:10     | Entered Level 10 of the Dungeon
 10810 | D:10     | Noticed a two-headed ogre
 10814 | D:10     | Killed a two-headed ogre
 11232 | D:10     | Mangled by a titanic slime creature

Illustrated notes

Levels and vault maps discovered:
D:1:      dpeg_arrival_connections, layout_basic
D:2:      layout_loops_corners, chequers_ecumenical_altar_simple_redux,
          minmay_hexomino_f4
D:3:      layout_loops_ring
D:4:      layout_loops_cross, st_stairs_12, minmay_misc_feat_ornament
D:5:      layout_layer_cave, grunt_temple_overflow_open, temple_fountains,
          uniq_menkaure, uniq_eustachio
D:6:      layout_rooms, nicolae_wu_jian_immortal_techniques,
          gammafunk_temple_overflow_pools, glass_columns_b,
          chequers_serial_rivers_marsh, roderic_roman_lattice,
          minmay_liquid_box, nicolae_concentric_dashed_squares_mild,
          hangedman_decor_growths
D:7:      layout_basic, grunt_decor_mini_mirrors, uniq_prince_ribbit1
D:8:      layout_basic, dpeg_oklobed_lair, kennysheep_opposing_triangles
D:9:      layout_layer_cave, mainiacjoe_overflow_large_starburst,
          grunt_ministairs_4, serial_bayou_pond_d, uniq_grum, uniq_joseph
D:10:     layout_loops_ring, special_room [special_room_orc],
          kennysheep_small_square

Skill      XL: |  1  2  3  4  5  6  7  8  9 10 11 |
---------------+----------------------------------+-----
Maces & Flails | 4 5 6 7 8 10 12 14 | 14.7
Armour         | 1 2 3 8 9 |  9.9
Shields        | 1 2 4 5 8 |  8.0
Fighting       | 3 8 9 |  9.8
Throwing       | |  2.0
Dodging        | |  3.2

Action                   |  1- 3 |  4- 6 |  7- 9 | 10-12 || total
-------------------------+-------+-------+-------+-------++-------
Melee: Flail             |    83 |    43 |   121 |   217 ||   464
       Headbutt          |     8 |    22 |    39 |    51 ||   120
       Punch             |     1 |     2 |       |       ||     3
       Dagger            |       |    68 |       |       ||    68
       Rapier            |       |       |    22 |       ||    22
Throw: Dart              |       |     2 |     2 |     4 ||     8
Invok: Ancestor Identity |       |     1 |       |       ||     1
       Ancestor Life: Ba |       |     1 |       |       ||     1
  Use: Scroll            |       |     5 |     8 |     6 ||    19
       Potion            |       |       |     1 |     1 ||     2
 Stab: Sleeping          |       |     3 |       |       ||     3
       Distracted        |       |       |     1 |     1 ||     2
Armor: Ring mail         |    12 |    35 |    44 |    25 ||   116
       Chain mail        |    25 |    14 |       |       ||    39
       Plate armour      |       |       |       |    39 ||    39
Dodge: Dodged            |    49 |    62 |    74 |    65 ||   250
Block: Buckler           |       |     6 |    37 |    32 ||    75
       Kite shield       |       |       |       |    41 ||    41
